NCAA
LONG BEACH STATE 49ERS @ OKLAHOMA SOONERS
04/14/2060
 
TOP OF THE 1ST
Pacific Tigers batting - Pitching for Baylor Bears : RHP Curt Minero
Pitching: RHP Curt Minero
Batting: RHB Dillon Cope 0-0: Ball
1-0: Foul Ball, location: 2F
1-1: Called Strike
1-2: Ball
2-2: Strikes out looking
Batting: SHB Pete Perkins 0-0: Ball
1-0: Ground out 5-3 (Groundball, 56, EV 108.8 MPH)
Batting: LHB Deontay Gardner 0-0: Ball
1-0: Foul Ball, location: 2F
1-1: Called Strike
1-2: Strikes out swinging
Top of the 1st over - 0 runs, 0 hits, 0 errors, 0 left on base; Pacific 0 - Baylor 0
BOTTOM OF THE 1ST
Baylor Bears batting - Pitching for Pacific Tigers : RHP Charles Gillespie
Pitching: RHP Charles Gillespie
Batting: RHB Jeremy Todd 0-0: Foul Ball, location: 2F
0-1: Fly out, F8 (Flyball, 8RD, EV 100.0 MPH)
Batting: LHB Ray Figgins 0-0: DOUBLE (Flyball, 78D, EV 100.6 MPH)
Batting: RHB Shelton Gallegos 0-0: TRIPLE (Flyball, 89XD, EV 89.4 MPH)
Ray Figgins scores
Batting: RHB Chase Terbush 0-0: Swinging Strike
0-1: Swinging Strike
0-2: Strikes out swinging
Batting: SHB Bennett Moore 0-0: Ball
1-0: Foul Ball, location: 2F
1-1: Ball
2-1: Ground out 6-3 (Groundball, 6M, EV 103.8 MPH)
Bottom of the 1st over - 1 run, 2 hits, 0 errors, 1 left on base; Pacific 0 - Baylor 1
TOP OF THE 2ND
Pacific Tigers batting - Pitching for Baylor Bears : RHP Curt Minero
Batting: RHB R.C. Fees 0-0: Ball
1-0: Foul Ball, location: 2F
1-1: Ball
2-1: Foul Ball, location: 2F
2-2: Ground out 6-3 (Groundball, 6, EV 91.2 MPH)
Batting: SHB Kyler Schuff 0-0: Fly out, F8 (Line Drive, 89D, EV 94.4 MPH)
Batting: RHB Gavin Nichols 0-0: SINGLE (Groundball, 6MD, EV 109.4 MPH)
Batting: SHB Henry Champion 0-0: DOUBLE (Line Drive, 7LS, EV 110.6 MPH)
Gavin Nichols to third
Runner from 3rd tries for Home, SAFE, throw by LF to trailing runner, SAFE at third!
Batting: RHB Joey Tindall 0-0: Ball
1-0: Foul Ball, location: 2F
1-1: Called Strike
1-2: Ball
2-2: Ball
3-2: Foul Ball, location: 2F
3-2: Base on Balls
Batting: RHB Devin Pickett 0-0: Ball
1-0: Called Strike
1-1: Foul Ball, location: 2F
1-2: Ball
2-2: Foul Ball, location: 2F
2-2: Foul Ball, location: 2F
2-2: Strikes out swinging
Top of the 2nd over - 1 run, 2 hits, 0 errors, 2 left on base; Pacific 1 - Baylor 1
BOTTOM OF THE 2ND
Baylor Bears batting - Pitching for Pacific Tigers : RHP Charles Gillespie
Batting: RHB Johnathan de Jesus 0-0: Ground out 4-3 (Groundball, 4, EV 79.4 MPH)
Batting: RHB Kory Rosales 0-0: Called Strike
0-1: Fly out, F6 (Popup, 6MS, EV 86.9 MPH)
Batting: RHB Tate Fitzgerald 0-0: Ball
1-0: Fly out, F7 (Flyball, 7, EV 85.0 MPH)
Bottom of the 2nd over - 0 runs, 0 hits, 0 errors, 0 left on base; Pacific 1 - Baylor 1
TOP OF THE 3RD
Pacific Tigers batting - Pitching for Baylor Bears : RHP Curt Minero
Batting: RHB Dillon Cope 0-0: Foul Ball, location: 2F
0-1: Ball
1-1: Ball
2-1: SINGLE (Groundball, 25, EV 67.5 MPH) (infield hit)
Batting: SHB Pete Perkins 0-0: Ball
Dillon Cope steals 2nd base
1-0: Called Strike
1-1: Called Strike
1-2: Ball
2-2: Strikes out swinging, 2-3 out at first.
Batting: LHB Deontay Gardner 0-0: Ball
1-0: Called Strike
1-1: Ball
2-1: Ball
3-1: Called Strike
3-2: Base on Balls
Batting: RHB R.C. Fees 0-0: Called Strike
Dillon Cope steals 3rd base
Deontay Gardner to second
0-1: Ball
Wild Pitch!
Dillon Cope scores
Deontay Gardner to third
1-1: Ball
2-1: Foul Ball, location: 2F
2-2: Ball
3-2: Strikes out swinging
Batting: SHB Kyler Schuff 0-0: Foul Ball, location: 2F
0-1: Swinging Strike
0-2: Ball
1-2: Foul Ball, location: 2F
1-2: Fly out, F7 (Flyball, 7, EV 88.1 MPH)
Top of the 3rd over - 1 run, 1 hit, 0 errors, 1 left on base; Pacific 2 - Baylor 1
BOTTOM OF THE 3RD
Baylor Bears batting - Pitching for Pacific Tigers : RHP Charles Gillespie
Batting: RHB Benjamin Ericson 0-0: Swinging Strike
0-1: SINGLE (Groundball, 34D, EV 101.2 MPH)
Batting: RHB Jeremy Todd 0-0: Ball
1-0: Called Strike
1-1: Hit by Pitch
Benjamin Ericson to second
Batting: LHB Ray Figgins 0-0: Ball
1-0: Ball
2-0: Ball
3-0: Base on Balls
Benjamin Ericson to third
Jeremy Todd to second
Batting: RHB Shelton Gallegos 0-0: Called Strike
0-1: Foul Ball, location: 2F
0-2: Ball
1-2: Ball
2-2: Ball
3-2: GRAND SLAM HOME RUN (Flyball, 9LD, EV 98.8 MPH), Distance : 359 ft
Pitching: RHP Grant Caward
Batting: RHB Chase Terbush 0-0: Called Strike
0-1: Swinging Strike
0-2: Strikes out looking
Batting: SHB Bennett Moore 0-0: Called Strike
0-1: Foul Ball, location: 2F
0-2: Foul Ball, location: 2F
0-2: Ball
1-2: Strikes out looking
Batting: RHB Johnathan de Jesus 0-0: Foul Ball, location: 2F
0-1: Ball
1-1: Ball
2-1: Foul Ball, location: 2F
2-2: Foul Ball, location: 2F
2-2: Strikes out swinging
Bottom of the 3rd over - 4 runs, 2 hits, 0 errors, 0 left on base; Pacific 2 - Baylor 5
TOP OF THE 4TH
Pacific Tigers batting - Pitching for Baylor Bears : RHP Curt Minero
Batting: RHB Gavin Nichols 0-0: Called Strike
0-1: Called Strike
0-2: Strikes out swinging
Batting: SHB Henry Champion 0-0: Called Strike
0-1: Ball
1-1: Called Strike
1-2: Foul Ball, location: 2F
1-2: SINGLE (Groundball, 4D, EV 98.8 MPH)
Batting: RHB Joey Tindall 0-0: Called Strike
0-1: Ball
1-1: Ball
Henry Champion steals 2nd base
2-1: Ground out 4-3 (Groundball, 4, EV 105.0 MPH)
Henry Champion to third
Batting: RHB Devin Pickett 0-0: Called Strike
0-1: Ground out 6-3 (Groundball, 6, EV 81.2 MPH)
Top of the 4th over - 0 runs, 1 hit, 0 errors, 1 left on base; Pacific 2 - Baylor 5
BOTTOM OF THE 4TH
Baylor Bears batting - Pitching for Pacific Tigers : RHP Grant Caward
Batting: RHB Kory Rosales 0-0: Foul Ball, location: 2F
0-1: Ball
1-1: Ball
2-1: Ball
3-1: Called Strike
3-2: SINGLE (Line Drive, 6D, EV 95.6 MPH)
Batting: RHB Tate Fitzgerald 0-0: Called Strike
0-1: Fielders Choice at 2nd, 2-4 (Groundball, 15S, EV 64.4 MPH)
Batting: RHB Benjamin Ericson 0-0: Ball
Tate Fitzgerald steals 2nd, throwing error, E2
Tate Fitzgerald to third
1-0: Ground out 4-3 (Groundball, 4D, EV 85.6 MPH)
Tate Fitzgerald scores
Batting: RHB Jeremy Todd 0-0: Fly out, F7 (Line Drive, 7D, EV 105.0 MPH)
Bottom of the 4th over - 1 run, 1 hit, 1 error, 0 left on base; Pacific 2 - Baylor 6
TOP OF THE 5TH
Pacific Tigers batting - Pitching for Baylor Bears : RHP Curt Minero
Batting: RHB Dillon Cope 0-0: Called Strike
0-1: Ball
1-1: Ground out 6-3 (Groundball, 6, EV 90.0 MPH)
Batting: SHB Pete Perkins 0-0: Called Strike
0-1: Swinging Strike
0-2: Strikes out swinging
Batting: LHB Deontay Gardner 0-0: Ball
1-0: Foul Ball, location: 2F
1-1: SINGLE (Line Drive, 4MD, EV 94.4 MPH)
Batting: RHB R.C. Fees 0-0: Ball
Deontay Gardner steals 2nd base
1-0: Ball
2-0: Called Strike
2-1: Foul Ball, location: 2F
2-2: Strikes out swinging
Top of the 5th over - 0 runs, 1 hit, 0 errors, 1 left on base; Pacific 2 - Baylor 6
BOTTOM OF THE 5TH
Baylor Bears batting - Pitching for Pacific Tigers : RHP Grant Caward
Batting: LHB Ray Figgins 0-0: Called Strike
0-1: Called Strike
0-2: Strikes out swinging
Batting: RHB Shelton Gallegos 0-0: Foul Ball, location: 2F
0-1: Called Strike
0-2: Strikes out swinging
Batting: RHB Chase Terbush 0-0: Ball
1-0: Ball
2-0: Ball
3-0: Called Strike
3-1: Base on Balls
Batting: SHB Bennett Moore 0-0: Ball
1-0: Foul Ball, location: 2F
1-1: Ball
2-1: SINGLE (Line Drive, 7LS, EV 91.9 MPH)
Chase Terbush to second
Pitching: RHP Matt Boyett
Batting: RHB Johnathan de Jesus 0-0: Called Strike
0-1: Swinging Strike
0-2: Strikes out looking
Bottom of the 5th over - 0 runs, 1 hit, 0 errors, 2 left on base; Pacific 2 - Baylor 6
TOP OF THE 6TH
Pacific Tigers batting - Pitching for Baylor Bears : RHP Curt Minero
Batting: SHB Kyler Schuff 0-0: Fly out, F7 (Flyball, 7D, EV 85.0 MPH)
Batting: RHB Gavin Nichols 0-0: Ball
1-0: Ball
2-0: Foul Ball, location: 2F
2-1: Foul Ball, location: 2F
2-2: SINGLE (Groundball, 4MD, EV 96.9 MPH)
Batting: SHB Henry Champion 0-0: Fielders Choice at 2nd, 4-6 (Groundball, 4, EV 85.0 MPH)
Batting: RHB Joey Tindall 0-0: Ball
1-0: Called Strike
1-1: Ground out 4-3 (Groundball, 4, EV 95.6 MPH)
Top of the 6th over - 0 runs, 1 hit, 0 errors, 1 left on base; Pacific 2 - Baylor 6
BOTTOM OF THE 6TH
Baylor Bears batting - Pitching for Pacific Tigers : RHP Matt Boyett
Batting: RHB Kory Rosales 0-0: Called Strike
0-1: Ball
1-1: Fly out, F7 (Flyball, 7, EV 80.0 MPH)
Batting: RHB Tate Fitzgerald 0-0: Ball
1-0: Foul Ball, location: 2F
1-1: Ball
2-1: Foul Ball, location: 2F
2-2: Ball
3-2: Ground out 5-3 (Groundball, 56S, EV 87.5 MPH)
Batting: RHB Benjamin Ericson 0-0: Ball
1-0: Foul Ball, location: 2F
1-1: Foul Ball, location: 2F
1-2: Strikes out swinging
Bottom of the 6th over - 0 runs, 0 hits, 0 errors, 0 left on base; Pacific 2 - Baylor 6
TOP OF THE 7TH
Pacific Tigers batting - Pitching for Baylor Bears : RHP Curt Minero
Pitching: LHP Bryan Morales
Batting: RHB Devin Pickett 0-0: Ball
1-0: Foul Ball, location: 2F
1-1: Called Strike
1-2: Ground out 6-3 (Groundball, 56, EV 89.4 MPH)
Batting: RHB Dillon Cope 0-0: Foul Ball, location: 2F
0-1: Ball
1-1: Foul Ball, location: 2F
1-2: Foul Ball, location: 2F
1-2: Strikes out swinging
Batting: SHB Pete Perkins 0-0: Ball
1-0: Ball
2-0: Ball
3-0: Called Strike
3-1: Base on Balls
Batting: LHB Deontay Gardner 0-0: Ball
1-0: Ball
2-0: Ball
3-0: Called Strike
3-1: Foul Ball, location: 2F
3-2: Base on Balls
Pete Perkins to second
Batting: RHB R.C. Fees 0-0: Ball
1-0: Ball
2-0: Called Strike
2-1: SINGLE (Line Drive, 34, EV 101.9 MPH)
Pete Perkins to third
Deontay Gardner to second
Batting: SHB Kyler Schuff 0-0: Called Strike
0-1: Foul Ball, location: 2F
0-2: Foul Ball, location: 2F
0-2: Ball
1-2: Ball
2-2: Ball
3-2: Strikes out swinging
Top of the 7th over - 0 runs, 1 hit, 0 errors, 3 left on base; Pacific 2 - Baylor 6
BOTTOM OF THE 7TH
Baylor Bears batting - Pitching for Pacific Tigers : RHP Matt Boyett
Batting: RHB Jeremy Todd 0-0: Ball
1-0: Called Strike
1-1: Ball
2-1: Foul Ball, location: 2F
2-2: Ball
3-2: Foul Ball, location: 2F
3-2: Strikes out swinging
Batting: LHB Ray Figgins 0-0: Called Strike
0-1: Ball
1-1: Called Strike
1-2: Ground out 4-3 (Groundball, 4D, EV 84.4 MPH)
Batting: RHB Shelton Gallegos 0-0: Called Strike
0-1: Foul Ball, location: 2F
0-2: Ground out 1-3 (Groundball, 13S, EV 75.6 MPH)
Bottom of the 7th over - 0 runs, 0 hits, 0 errors, 0 left on base; Pacific 2 - Baylor 6
TOP OF THE 8TH
Pacific Tigers batting - Pitching for Baylor Bears : LHP Bryan Morales
Pitching: RHP Brady Caspersen
Batting: RHB Gavin Nichols 0-0: Called Strike
0-1: Ball
1-1: Ball
2-1: Called Strike
2-2: Foul Ball, location: 2F
2-2: SINGLE (Flyball, 9LS, EV 88.1 MPH)
Batting: SHB Henry Champion 0-0: Hit by Pitch
Gavin Nichols to second
Batting: RHB Joey Tindall 0-0: Ball
1-0: Fielders Choice at 2nd, 3-6 (Groundball, 13, EV 86.9 MPH)
Gavin Nichols to third
Batting: RHB Devin Pickett 0-0: Grounds into double play, 6-4-3 (Groundball, 56, EV 95.0 MPH)
Top of the 8th over - 0 runs, 1 hit, 0 errors, 1 left on base; Pacific 2 - Baylor 6
BOTTOM OF THE 8TH
Baylor Bears batting - Pitching for Pacific Tigers : RHP Matt Boyett
Batting: RHB Chase Terbush 0-0: SINGLE (Line Drive, 8LS, EV 112.5 MPH)
Batting: SHB Bennett Moore 0-0: Swinging Strike
0-1: Called Strike
0-2: Ball
1-2: Foul Ball, location: 2F
1-2: Ball
2-2: Ball
Chase Terbush is caught stealing 2nd base 2-6
3-2: SOLO HOME RUN (Flyball, 9D, EV 92.5 MPH), Distance : 373 ft
Batting: RHB Johnathan de Jesus 0-0: Ball
1-0: Ground out 6-3 (Groundball, 6M, EV 110.0 MPH)
Batting: RHB Kory Rosales 0-0: SINGLE (Groundball, P, EV 84.4 MPH) (infield hit)
Batting: RHB Tate Fitzgerald 0-0: Fly out, F7 (Flyball, 78S, EV 92.5 MPH)
Bottom of the 8th over - 1 run, 3 hits, 0 errors, 1 left on base; Pacific 2 - Baylor 7
TOP OF THE 9TH
Pacific Tigers batting - Pitching for Baylor Bears : RHP Brady Caspersen
Batting: RHB Dillon Cope 0-0: Ball
1-0: SINGLE (Line Drive, 9S, EV 101.2 MPH)
Batting: SHB Pete Perkins 0-0: Ball
1-0: Ball
2-0: Fly out, F9 (Flyball, 9, EV 88.1 MPH)
Batting: LHB Deontay Gardner 0-0: Ball
1-0: Called Strike
1-1: Ball
2-1: Swinging Strike
2-2: Strikes out swinging
Batting: RHB R.C. Fees 0-0: Ball
1-0: Called Strike
1-1: Ball
2-1: Fly out, F9 (Flyball, 89S, EV 93.8 MPH)
Top of the 9th over - 0 runs, 1 hit, 0 errors, 1 left on base; Pacific 2 - Baylor 7
Saturday, April 27th , 2024 - OOTP Baseball 23.10 Build 110